Map: Pylon LE

Players

KimChiLoVer - Winner!

  • Race: Terran Terran
  • League: Diamond
  • Spawn Location: 5:00

CANCERBERO

  • Race: Zerg Zerg
  • League: Diamond
  • Spawn Location: 11:00

VOD

Have the link to the VOD?

Description

Time

  • Played on: Aug. 24, 2025, 10 p.m.
  • Length: 26:28
Show
View Real Time Build Order
Export as new Build Order

KimChiLoVer Terran - Winner!

Build Orders: Reaper Expand 

Get SALT Encoding   

  12  0:00  SCV  
  13  0:14  SCV  
  14  0:17  Supply Depot  
  14  0:26  SCV  
  15  0:39  SCV  
  15  0:40  Barracks  
  16  0:44  Refinery  
  16  0:51  SCV  
  17  1:03  SCV  
  18  1:18  SCV  
  19  1:28  Reaper  
  19  1:30  Orbital Command  
  20  1:43  Command Center  
  20  1:49  Supply Depot  
  20  1:56  SCV  
  21  2:02  Marine  
  21  2:05  Factory  
  22  2:12  Refinery  
  22  2:21  SCV  
  23  2:26  Barracks Reactor  
  23  2:27  Barracks  
  23  2:33  SCV  
  24  2:45  SCV  
  24  2:56  Hellion, Orbital Command  
  24  2:57  SCV  
  27  3:03  Marine  
  28  3:15  SCV  
  28  3:19  Factory Tech Lab  
  29  3:21  Marine x2  
  29  3:26  SCV  
  32  3:36  Marine  
  33  3:42  Siege Tank  
  33  3:43  Barracks  
  36  4:02  SCV  
  37  4:11  Starport  
  37  4:13  Barracks  
  37  4:14  SCV  
  38  4:18  Marine x2  
  38  4:19  Command Center  
  38  4:22  Orbital Command  
  40  4:28  Factory Reactor  
  40  4:38  Marine x3  
  43  4:41  Stimpack  
  43  4:50  Supply Depot  
  43  4:58  Marine x3  
  46  5:12  SCV  
  46  5:13  Supply Depot  
  47  5:16  Marine x3, Barracks Reactor  
  50  5:24  Barracks x2, SCV  
  50  5:25  SCV  
  50  5:26  Engineering Bay  
  50  5:27  Factory Tech Lab  
  52  5:37  SCV  
  52  5:38  Orbital Command  
  52  5:42  Engineering Bay  
  53  5:44  Medivac  
  53  5:48  Supply Depot  
  53  5:49  SCV x2  
  57  6:01  SCV x2  
  58  6:12  Supply Depot  
  58  6:13  SCV x2  
  60  6:18  Supply Depot  
  60  6:21  Supply Depot  
  57  6:26  SCV  
  57  6:31  Medivac x2  
  61  6:36  Orbital Command  
  61  6:38  SCV  
  62  6:50  SCV  
  62  6:51  Siege Tank  
  65  6:57  Refinery  
  65  6:59  Refinery  
  65  7:00  Terran Infantry Weapons Level 1, Terran Infantry Armor Level 1  
  65  7:01  Medivac  
  65  7:02  Armory  
  67  7:13  SCV  
  68  7:15  Missile Turret  
  68  7:20  Supply Depot x2  
  68  7:23  SCV  
  68  7:25  SCV  
  68  7:27  Siege Tank  
  68  7:28  Marine  
  74  7:30  Barracks Tech Lab  
  74  7:35  SCV  
  75  7:37  Marine x4  
  75  7:38  Marine x2, SCV  
  82  7:47  SCV  
  82  7:50  SCV  
  84  7:53  Supply Depot  
  84  7:59  SCV  
  84  8:02  SCV  
  86  8:10  Missile Turret  
  86  8:12  SCV  
  87  8:14  Barracks Reactor  
  87  8:15  Command Center, Combat Shield  
  87  8:16  Concussive Shells  
  87  8:24  SCV, Missile Turret  
  87  8:25  Terran Vehicle And Ship Armor Level 1  
  88  8:29  Marine x5  
  88  8:30  Marine x2  
  88  8:31  Supply Depot x2  
  95  8:36  SCV  
  96  8:47  Marine x4  
  101  8:48  SCV  
  95  9:06  Marine x6  
  101  9:28  Terran Infantry Armor Level 2, Terran Infantry Weapons Level 2  
  101  9:32  Orbital Command  
  101  9:36  Marine x2, Marauder x2, Starport  
  101  9:37  Barracks Tech Lab  
  107  9:47  Supply Depot  
  107  9:49  Barracks  
  107  9:51  Barracks  
  107  9:58  Marauder  
  109  10:05  Orbital Command  
  106  10:16  Marauder  
  106  10:17  Marine x3, Marauder  
  106  10:19  Marauder  
  106  10:20  Supply Depot  
  115  10:21  Supply Depot  
  115  10:31  Starport Reactor  
  115  10:34  Liberator x2  
  121  10:53  Marauder x2  
  121  10:54  Barracks Reactor x2  
  125  11:08  Marine x6, Marauder  
  133  11:13  Supply Depot  
  133  11:14  Marauder  
  133  11:16  Supply Depot  
  135  11:20  Refinery x2  
  135  11:37  Siege Tank  
  135  11:39  Marine x3, Marauder  
  141  11:54  Marine x3, Marauder x2  
  141  11:58  Orbital Command  
  141  12:00  Marine x2  
  141  12:01  Marauder, Liberator  
  148  12:02  Liberator  
  148  12:05  Supply Depot  
  148  12:06  Supply Depot, Terran Infantry Weapons Level 3  
  148  12:07  Terran Infantry Armor Level 3  
  154  12:09  Terran Vehicle And Ship Armor Level 2, Siege Tank  
  159  12:16  Marauder  
  159  12:19  Marine x3, Marauder  
  159  12:22  Marauder  
  166  12:32  Marine  
  166  12:34  Marine  
  170  12:37  Marauder  
  170  12:41  Marauder  
  116  13:40  Command Center  
  116  13:43  Command Center  
  113  13:51  Marine x7  
  113  13:52  Marine x6  
  100  14:09  Marine x10  
  100  14:12  Orbital Command  
  74  15:09  Command Center  
  74  15:18  Orbital Command  
  74  15:46  Orbital Command  
  74  16:01  SCV  
  68  16:13  SCV  
  69  16:25  SCV, Orbital Command  
  68  16:34  Marine x3, Marauder x2  
  68  16:35  Marine x2, Marauder  
  68  16:37  SCV  
  80  16:45  Marine  
  81  16:49  SCV  
  77  17:01  SCV  
  78  17:09  Marine x2  
  78  17:12  Marine  
  78  17:13  SCV  
  82  17:25  SCV  
  79  18:02  Marine x4  
  79  18:03  Marine x5  
  88  18:12  SCV  
  89  18:15  Marine  
  90  18:24  SCV  
  91  18:36  SCV  
  88  18:48  SCV  
  74  19:07  Marine x5  
  74  19:08  Marine x2  
Show
View Real Time Build Order
Export as new Build Order

CANCERBERO Zerg 

Build Orders: Pool First, Lurkers, Swarm Host 

Get SALT Encoding   

  12  0:02  Drone  
  13  0:13  Drone  
  14  0:22  Extractor x2  
  14  0:23  Drone x2  
  15  0:42  Spawning Pool  
  14  0:50  Overlord  
  14  1:09  Drone x3  
  17  1:29  Metabolic Boost  
  17  1:32  Queen  
  19  1:43  Zergling x6  
  22  1:59  Hatchery  
  21  2:05  Drone  
  21  2:08  Overlord  
  22  2:29  Drone x2  
  24  2:31  Queen  
  26  2:51  Drone x3  
  26  2:52  Drone  
  30  3:02  Spine Crawler x2  
  30  3:05  Overlord  
  28  3:20  Extractor  
  27  3:28  Drone x4  
  31  3:36  Spine Crawler  
  30  3:51  Drone x3  
  30  3:55  Lair  
  33  3:58  Drone x3  
  33  4:01  Drone x2  
  33  4:02  Drone x4  
  42  4:19  Spore Crawler  
  42  4:23  Drone x2, Extractor  
  42  4:33  Overlord x3  
  42  4:39  Extractor  
  41  4:55  Hydralisk Den  
  41  4:58  Nydus Network  
  39  5:03  Overlord  
  39  5:09  Overseer  
  39  5:26  Hydralisk x4  
  39  5:28  Hydralisk  
  47  5:29  Hydralisk  
  51  5:43  Hydralisk  
  51  5:44  Hydralisk x2  
  56  6:05  Nydus Canal  
  56  6:22  Nydus Canal  
  54  6:45  Lurker Den  
  50  6:56  Overseer  
  50  7:00  Drone x4  
  50  7:01  Drone x5  
  56  7:02  Drone x4  
  62  7:11  Evolution Chamber  
  62  7:12  Evolution Chamber  
  60  7:16  Evolution Chamber  
  60  7:19  Evolution Chamber  
  58  7:35  Infestation Pit  
  57  7:40  Overlord x2  
  57  7:41  Overlord  
  57  7:44  Lurker x2  
  57  7:45  Lurker x4  
  57  7:46  Lurker  
  57  7:48  Drone x3  
  67  8:30  Swarm Host  
  67  8:31  Swarm Host x6  
  80  9:11  Nydus Canal  
  80  9:34  Nydus Canal  
  80  9:44  Overlord x4  
  80  10:09  Swarm Host x4  
  80  10:10  Swarm Host  
  95  10:19  Nydus Canal  
  95  10:33  Spore Crawler x2  
  95  10:34  Spore Crawler  
  92  10:36  Hatchery  
  92  10:41  Nydus Canal  
  91  11:03  Nydus Canal  
  91  11:06  Drone x2  
  91  11:07  Drone x4  
  97  11:15  Spore Crawler  
  97  11:17  Spore Crawler x2  
  94  11:27  Nydus Canal  
  94  12:02  Swarm Host x4  
  94  12:04  Spore Crawler  
  94  12:05  Spore Crawler  
  94  12:07  Spore Crawler, Nydus Canal  
  94  12:08  Spore Crawler  
  102  12:26  Nydus Canal  
  102  12:35  Hive, Spire  
  70  14:05  Nydus Canal  
  62  14:13  Overlord x2  
  62  14:14  Overlord  
  61  15:11  Spawning Pool  
  59  15:22  Hatchery  
  58  15:55  Hatchery  
  49  17:16  Spawning Pool  
  49  17:21  Hatchery  
  41  18:04  Zergling x4  
  41  18:05  Zergling x2  
  44  18:11  Extractor  
  44  18:12  Extractor  
  33  19:11  Drone x3  
  32  19:59  Hatchery  
  30  21:18  Drone  
  31  21:52  Drone x3  
  34  22:03  Hatchery  
  24  23:16  Drone  
  25  23:56  Drone x2  
  27  24:14  Hatchery  
  24  25:30  Drone  
  19  25:57  Hatchery  
Tags
 
Add a new tag
Caveats
  • Supply blocks, unpowered buildings, or Contaminate may cause inaccurate times.
  • Supply counts are checked every 10 seconds.